 Dungeon Crawl Stone Soup version 0.17-a0-4-gb793c6d (webtiles) character file.

5857 Psiweapon the Cruncher (level 10, -12/68 HPs)
             Began as a Gargoyle Gladiator on Mar 4, 2015.
             Mangled by an orc warrior
             ... wielding a +0 trident of freezing
              (19 damage)
             ... on level 10 of the Dungeon.
             The game lasted 00:43:17 (10339 turns).

Psiweapon the Cruncher (Gargoyle Gladiator)        Turns: 10339, Time: 00:43:22

Health: -12/68     AC: 13    Str: 19      XL:     10   Next: 81%
Magic:  10/10      EV: 13    Int:  9      God:    Xom [.*....]
Gold:   498        SH:  0    Dex: 16 (17) Spells: 1 memorised, 8 levels left

rFire  . . .     SeeInvis .     a - +0 quarterstaff
rCold  . . .     Clarity  .     s - +0 leather armour
rNeg   + . .     SustAb   .     (no shield)
rPois  ∞         Gourm    .     c - +0 helmet
rElec  +         Spirit   .     v - +0 cloak
rCorr  .         Warding  .     (no gloves)
rMut   .         NoTele   +     (no boots)
MR     .....                    (no amulet)
Stlth  ++++++....               b - ring of stealth
                                L - ring of Xom's Delight {-Tele rPois Dex+4 Slay+4 Stlth+}

@: not resistant to hostile enchantments, very stealthy
A: big wings, talons 1, camouflage 1, mutation resistance 1, negative energy
resistance 1, electricity resistance, unbreathing, petrification resistance, rot
immunity, AC +7
a: Fly, Renounce Religion


You were on level 10 of the Dungeon.
You worshipped Xom.
You were a plaything of Xom.
You were very hungry.

You visited 3 branches of the dungeon, and saw 12 of its levels.

You collected 498 gold pieces.

Inventory:

Hand weapons
 a - a +0 quarterstaff (weapon)
 D - a +0 blowgun
Missiles
 d - 2 throwing nets (quivered)
 h - 71 bolts
 o - 48 poisoned needles
 x - 22 stones
 J - 6 silver sling bullets
 Q - 4 curare-tipped needles
 Z - 4 tomahawks
Armour
 c - a +0 helmet (worn)
 g - a +0 robe of magic resistance
 i - a cursed +0 scale mail
 s - a +0 leather armour (worn)
 v - a +0 cloak (worn)
Jewellery
 b - a ring of stealth (right hand)
 m - an uncursed ring of positive energy
 q - an uncursed ring of teleportation
 C - an uncursed ring of magical power
 L - the ring of Xom's Delight (left hand) {-Tele rPois Dex+4 Slay+4 Stlth+}
   (Xom gifted it to you on level 9 of the Dungeon)

   [ring of slaying]

   It affects your dexterity (+4).
   It affects your accuracy and damage with ranged weapons and melee attacks
   (+4).
   It protects you from poison.
   It prevents most forms of teleportation.
   It makes you more stealthy.
 X - an uncursed ring of wizardry
Magical devices
 e - a wand of random effects (15)
 p - a wand of lightning (0)
 w - a wand of confusion (17)
 y - a wand of fireball (0)
 S - a wand of fire (0)
 W - a wand of random effects (36)
Scrolls
 j - 4 scrolls of fog
 k - 2 scrolls of enchant armour {unknown}
 r - 3 scrolls of amnesia {unknown}
 t - 4 scrolls of teleportation
 u - 4 scrolls of remove curse
 z - 2 scrolls of fear {unknown}
 G - a scroll of blinking {unknown}
 H - a scroll of immolation {unknown}
 M - 2 scrolls of identify
 R - 2 scrolls of magic mapping {unknown}
 T - a scroll of enchant weapon {unknown}
Potions
 n - 5 potions of brilliance
 A - 6 potions of curing
 B - 3 potions of haste {unknown}
 E - 4 potions of restore abilities {unknown}
 I - 2 potions of heal wounds {unknown}
 N - a potion of cure mutation {unknown}
 O - a potion of berserk rage {unknown}
 P - a potion of agility {unknown}
 U - a potion of might {unknown}
 V - a potion of flight {unknown}
 Y - 2 potions of ambrosia {unknown}
Comestibles
 f - 9 bread rations
 l - 5 meat rations
 F - 7 slices of pizza
 K - 3 beef jerkies


   Skills:
 - Level 10.0 Fighting
 + Level 11.5 Staves
 - Level 2.0 Throwing
 - Level 5.1 Armour
 + Level 2.7 Dodging
 - Level 5.0 Stealth


You had 8 spell levels left.
You knew the following spells:

 Your Spells              Type           Power        Failure   Level  Hunger
a - Magic Dart            Conj           #...         47%         1    ##.....


Dungeon Overview and Level Annotations

Branches:
Dungeon (10/15)            Temple (1/1) D:4             Orc (1/4) D:9
   Lair: D:8-11

Altars:
Ashenzari
Cheibriados
Dithmenos
Elyvilon
Fedhas
Gozag
Kikubaaqudgha
Makhleb
Nemelex Xobeh
Okawaru
Qazlal
Ru
Sif Muna
Trog
Vehumet
Xom
Yredelemnul
Zin
The Shining One

Annotations:
D:10 Erica


Innate Abilities, Weirdness & Mutations

You are resistant to torment.
You are immune to poison.
Your stone body is very resilient (AC +7).
You resist negative energy.
You are resistant to electric shocks.
You can survive without breathing.
You are immune to petrification.
You are immune to rotting.
Your wings are large and strong.
You have sharp toenails.
Your skin changes colour to match your surroundings (Stealth).
You are somewhat resistant to further mutation.


Message History

The orc warrior freezes you.
You hit the orc priest.
You kill the orc priest!
The hound skeleton barely misses you.
You sock the orc warrior!
The orc warrior is moderately wounded. "Serve the toy, my child!"
The hound skeleton bites you but does no damage.
The hound skeleton misses you.
The orc warrior hits you with a trident of freezing!
* * * LOW HITPOINT WARNING * * *
The orc warrior freezes you.
* * * LOW HITPOINT WARNING * * *
The hound skeleton bites you.
* * * LOW HITPOINT WARNING * * *
The hound skeleton bites you.
* * * LOW HITPOINT WARNING * * *
The orc warrior hits you from afar with a trident of freezing!!
You die...
Xom cackles wildly!

###### .....# .....#
###..####################
# #.....>................
# ##.###########......##
# #.# #..#.#.###.@ # #.#
#........... # #<#
#@.#.#.##.#. #.# #)Z....#
#.. ......)o[5..### ...
...........# ###
#######...... #.#####..
#.# #.# #.#


You could see an orc warrior, a hound skeleton and a friendly iron imp.

Vanquished Creatures
  Pikel (D:7)
  9 yaks (D:9)
  Eustachio (D:7)
  A hippogriff (D:9)
  A deep elf fighter (D:8)
  A soldier ant (D:8)
  Edmund (D:6)
  2 orc warriors (D:9)
  A water moccasin (D:5)
  4 ogres
  2 ice beasts
  A sky beast (D:8)
  A phantom (D:4)
  3 centaurs
  2 crocodiles (D:7)
  Duvessa (D:5)
  A giant frog (D:9)
  4 killer bees (D:9)
  3 scorpions
  Dowan (D:5)
  3 crimson imps
  A goliath beetle (D:6)
  5 orc priests
  A jelly (D:6)
  4 hounds
  2 quasits (D:9)
  A giant frog skeleton (D:10)
  A giant frog zombie (D:4)
  3 iguanas
  2 iron imps (D:7)
  5 worker ants
  8 orc wizards
  Ijyb (D:6)
  Jessica (D:2)
  A hound skeleton (D:4)
  Robin (D:4)
  3 gnolls (D:2)
  5 adders
  6 shadow imps
  5 worms
  An ufetubus (D:7)
  An adder zombie (D:7)
  4 giant geckos
  2 oozes
  32 orcs
  5 ball pythons
  16 bats
  A bat skeleton (D:5)
  A bat zombie (D:7)
  27 goblins
  19 hobgoblins
  23 jackals
  15 kobolds
  5 quokkas
  9 giant cockroaches
  4 giant newts
  A giant spore (D:9)
  2 orc zombies (D:5)
  A quokka skeleton (D:9)
  12 rats
  3 ballistomycetes (D:9)
284 creatures vanquished.

Vanquished Creatures (collateral kills)
  A troll (D:9)
  An orc warrior (D:9)
  A centaur (D:9)
  A phantom (D:9)
  An orc priest (D:9)
  2 orcs (D:9)
  A hobgoblin (D:9)
8 creatures vanquished.

Vanquished Creatures (others)
  A slave (D:7)
  A spider (D:9)
  A centaur (D:9)
  3 killer bees (D:9)
  An adder (D:7)
  An adder zombie (D:7)
8 creatures vanquished.

Grand Total: 300 creatures vanquished

Notes
Turn   | Place    | Note
--------------------------------------------------------------
     0 | D:1      | Psiweapon, the Gargoyle Gladiator, began the quest for the Orb.
     0 | D:1      | Reached XP level 1. HP: 12/12 MP: 1/1
   218 | D:1      | Reached XP level 2. HP: 16/18 MP: 2/2
   498 | D:1      | Found a sparkling altar of Nemelex Xobeh.
   869 | D:2      | Reached XP level 3. HP: 17/22 MP: 3/3
  1003 | D:2      | Noticed Jessica
  1013 | D:2      | Killed Jessica
  1372 | D:2      | Reached skill level 4 in Staves
  1372 | D:2      | Reached XP level 4. HP: 28/28 MP: 4/4
  2234 | D:2      | Reached XP level 5. HP: 15/33 MP: 5/5
  2464 | D:3      | Found a blossoming altar of Fedhas.
  2550 | D:3      | Found a basalt altar of Yredelemnul.
  2558 | D:3      | Found an opulent altar of Gozag.
  2829 | D:3      | Learned a level 1 spell: Magic Dart
  2845 | D:3      | Found a bloodstained altar of Trog.
  2909 | D:3      | Found a snail-covered altar of Cheibriados.
  2919 | D:3      | Found a bloodstained altar of Trog.
  3523 | D:4      | Noticed a phantom
  3567 | D:4      | Killed a phantom
  3567 | D:4      | Reached skill level 5 in Fighting
  3567 | D:4      | Reached skill level 5 in Staves
  3567 | D:4      | Reached XP level 6. HP: 29/40 MP: 6/6
  3729 | D:4      | Found a radiant altar of Vehumet.
  3775 | D:4      | Found a staircase to the Ecumenical Temple.
  3791 | Temple   | Entered the Ecumenical Temple
  4010 | D:4      | Noticed an ogre
  4029 | D:4      | Killed an ogre
  4029 | D:4      | Reached skill level 6 in Fighting
  4029 | D:4      | Reached XP level 7. HP: 40/46 MP: 7/7
  4213 | D:4      | Noticed Robin
  4252 | D:4      | Killed Robin
  4658 | D:5      | Entered Level 5 of the Dungeon
  4919 | D:5      | Reached skill level 7 in Fighting
  4931 | D:5      | Reached XP level 8. HP: 37/53 MP: 8/8
  5060 | D:5      | Noticed Duvessa
  5062 | D:5      | Noticed Dowan
  5086 | D:5      | Killed Duvessa
  5091 | D:5      | Killed Dowan
  5505 | D:6      | Reached skill level 8 in Fighting
  5567 | D:6      | Noticed Ijyb
  5577 | D:6      | Killed Ijyb
  5606 | D:6      | Noticed Edmund
  5618 | D:6      | Killed Edmund
  5708 | D:6      | Found a shimmering altar of Xom.
  5714 | D:6      | Became a worshipper of Xom of Chaos
  5883 | D:6      | XOM is BORED!
  5883 | D:6      | XOM: silly message
  6189 | D:7      | Reached XP level 9. HP: 53/60 MP: 9/9
  6198 | D:7      | Noticed Eustachio
  6224 | D:7      | Killed Eustachio
  6224 | D:7      | Reached skill level 9 in Fighting
  6542 | D:7      | Noticed Pikel
  6545 | D:7      | XOM: medium Hex miscast
  6551 | D:7      | XOM: polymorph slave -> crocodile
  6553 | D:7      | XOM: enchant monster (good)
  6554 | D:7      | XOM: enchant monster (good)
  6555 | D:7      | Killed Pikel
  6562 | D:7      | XOM: enchant monster (good)
  6569 | D:7      | XOM: swap monsters
  6651 | D:7      | XOM: polymorph freed slave -> two-headed ogre
  6672 | D:7      | Noticed a fire drake
  6672 | D:7      | a two-headed ogre changed into a fire drake
  6675 | D:7      | XOM: medium Hex miscast
  6841 | D:7      | XOM: enchant monster (good)
  7154 | D:7      | XOM is BORED!
  7154 | D:7      | XOM: summons 4 hostile demons
  7201 | D:8      | Found a bloodstained altar of Trog.
  7205 | D:8      | Reached skill level 10 in Fighting
  7211 | D:8      | XOM: cast spell 'Metabolic Englaciation'
  7219 | D:8      | Reached skill level 1 in Armour
  7271 | D:8      | XOM: give mutations
  7271 | D:8      | Gained mutation: Your wings are large and strong. [Xom's grace]
  7271 | D:8      | Gained mutation: You are somewhat resistant to further mutation. [Xom's grace]
  7271 | D:8      | Gained mutation: You have sharp toenails. [Xom's grace]
  7271 | D:8      | Gained mutation: Your skin changes colour to match your surroundings (Stealth). [Xom's grace]
  7321 | D:8      | XOM: confusion
  7877 | D:8      | Reached skill level 10 in Staves
  8438 | D:8      | XOM: god gift: glowing chain mail {god gift}
  8440 | D:8      | XOM: swap monsters
  8442 | D:8      | XOM: enchant monster (good)
  8601 | D:9      | XOM: mild Pois miscast
  8645 | D:9      | XOM: 3-stop teleportation journey
  8667 | D:9      | XOM: confuse monster(s)
  8708 | D:9      | Reached XP level 10. HP: 58/68 MP: 10/10
  8787 | D:9      | XOM: smoke on damage
  8915 | D:9      | XOM: god gift: faintly glowing wooden ring {god gift}
  8918 | D:9      | XOM: destruction
  8933 | D:9      | XOM: cast spell 'Summon Swarm'
  8961 | D:9      | Got a faintly glowing wooden ring {god gift}
  9031 | D:9      | Reached skill level 5 in Armour
  9110 | D:9      | Found a basalt altar of Yredelemnul.
  9138 | D:9      | Identified the ring of Xom's Delight {-Tele rPois Dex+4 Slay+4 Stlth+} (Xom gifted it to you on level 9 of the Dungeon)
  9181 | D:9      | XOM: cast spell 'Cause Fear'
  9184 | D:9      | Reached skill level 1 in Stealth
  9210 | D:9      | Reached skill level 11 in Staves
  9390 | D:9      | XOM: god gift: moonstone ring {god gift}
  9730 | D:9      | XOM: stat loss: -1 Dex (16/17)
  9830 | D:9      | Found a staircase to the Orcish Mines.
  9882 | Orc:1    | Entered Level 1 of the Orcish Mines
  9988 | D:9      | XOM: confusion (+ monsters)
  9993 | D:9      | Reached skill level 5 in Stealth
 10291 | D:10     | Entered Level 10 of the Dungeon
 10325 | D:10     | Noticed Erica
 10334 | D:10     | XOM: enchant monster (bad)
 10338 | D:10     | XOM: summons friendly iron imp
 10339 | D:10     | Mangled by an orc warrior

Action                   |  1- 3 |  4- 6 |  7- 9 | 10-12 || total
-------------------------+-------+-------+-------+-------++-------
Melee: Quarterstaff      |   116 |   234 |   448 |   193 ||   991
 Fire: Blowgun           |       |       |    45 |    10 ||    55
Throw: Stone             |       |    72 |     3 |       ||    75
       Throwing net      |       |     2 |     2 |       ||     4
 Cast: Magic Dart        |       |       |     2 |     1 ||     3
 Abil: Fly               |       |       |     1 |       ||     1
Evoke: Wand              |       |     1 |     3 |     9 ||    13
  Use: Scroll            |     3 |       |     5 |     2 ||    10
       Potion            |       |       |     1 |     1 ||     2
 Stab: Held in net/web   |       |     2 |     3 |       ||     5
       Sleeping          |       |       |     5 |    11 ||    16
       Paralysed         |       |       |     2 |     3 ||     5
       Distracted        |       |       |       |     1 ||     1
  Eat: Chunk             |     2 |     8 |    14 |     5 ||    29
       Pizza             |       |       |     1 |       ||     1
